 Dungeon Crawl Stone Soup version 0.20.0-8-g6b59dc7 (webtiles) character file.

373 Pikken the Skirmisher (level 6, -7/55 HPs)
             Began as a Minotaur Berserker on May 31, 2017.
             Was a Priest of Trog.
             Mangled by a gnoll
             ... wielding a +0 halberd
              (14 damage)
             ... on level 3 of the Dungeon.
             The game lasted 00:16:38 (2495 turns).

Pikken the Skirmisher (Minotaur Berserker)          Turns: 2495, Time: 00:16:39

Health: -7/55      AC:  7    Str: 26    XL:     6   Next: 43%
Magic:  5/5        EV: 11    Int:  4    God:    Trog [***...]
Gold:   160        SH:  0    Dex: 11    Spells: 5/5 levels left

rFire    . . .     SeeInvis .   s - +3 falchion
rCold    . . .     Gourm    .   (no shield)
rNeg     . . .     Faith    .   o - +0 scale mail
rPois    .         Spirit   .   (helmet restricted)
rElec    .         Reflect  .   (no cloak)
rCorr    .         Harm     .   (no gloves)
MR       .....                  (no boots)
Stlth    ..........             (no amulet)
Regen    0.2/turn               j - +4 ring of strength
MPRegen  0.1/turn               (no ring)

@: no status effects
A: retaliatory headbutt, horns 2
a: Berserk, Trog's Hand, Burn Spellbooks, Renounce Religion


You were on level 3 of the Dungeon.
You worshipped Trog.
Trog was most pleased with you.
You were not hungry.

You visited 1 branch of the dungeon, and saw 3 of its levels.

You collected 160 gold pieces.

Inventory:

Hand Weapons
 a - a +0 spear
 b - a +1 quarterstaff of protection
 l - a +0 dagger of venom
 m - a +1 dagger of draining
 n - a +0 hand axe
 s - a +3 falchion (weapon)
 u - a +0 halberd
Armour
 i - a +0 ring mail
 o - a +0 scale mail (worn)
Jewellery
 j - a +4 ring of strength (left hand)
 k - an uncursed ring of ice
Scrolls
 d - a scroll of remove curse
 e - 6 scrolls of identify
 h - a scroll of noise {unknown}
 p - a scroll of teleportation {unknown}
 q - a scroll of fog {unknown}
Potions
 f - a potion of curing {unknown}
 g - a potion of mutation {unknown}
 t - a potion of might {unknown}
Comestibles
 c - 2 bread rations
 r - 2 meat rations


   Skills:
 + Level 4.9 Fighting
 * Level 3.2(3.8) Short Blades
 * Level 3.2(4.0) Long Blades
 - Level 4.5 Polearms
 + Level 4.1 Armour
 + Level 2.8 Dodging
 + Level 0.3 Stealth


You had 5 spell levels left.
You didn't know any spells.

Dungeon Overview and Level Annotations

Branches:
Dungeon (3/15)

Altars:

Portals:
Sewer: D:3


Innate Abilities, Weirdness & Mutations

You reflexively headbutt those who attack you in melee.
You have a pair of horns on your head.


Message History

Found a ring mail.
The gnoll throws a throwing net.
The throwing net hits you.
You become entangled in the net!
You see here a throwing net.
You struggle against the net.
You tear a large gash into the net.
The gnoll hits you from afar with a halberd!
You shred the net and break free!
The gnoll sergeant hits you from afar with a trident of freezing.
* * * LOW HITPOINT WARNING * * *
The gnoll sergeant freezes you.
* * * LOW HITPOINT WARNING * * *
The gnoll barely misses you.
There is a stone staircase leading up here.
The gnoll sergeant hits you from afar with a trident of freezing.
* * * LOW HITPOINT WARNING * * *
The gnoll sergeant freezes you.
* * * LOW HITPOINT WARNING * * *
The gnoll hits you from afar with a halberd!
You die...

#. #.# ### ... ..# ###
#.###.# ..# ...#.# #.# ##.#.#
#.# #.#@.g.#######.#
#.........)))..#
..[.....g##..########## ...
........(g...†.......... ≈≈≈
≈≈≈≈≈≈≈≈≈≈≈≈g...≈≈≈≈≈≈≈† ≈≈
≈≈≈≈≈≈≈≈≈≈≈≈....≈≈≈≈≈≈≈≈
#####≈≈≈≈≈≈≈≈≈≈≈≈....≈≈≈≈≈≈≈≈
#...#........................
...#############''''########


You could see a gnoll sergeant and 3 gnolls.

Vanquished Creatures
  A howler monkey (D:1)
  A gnoll shaman (D:3)
  6 adders
  15 gnolls (D:3)
  A river rat (D:3)
  An ooze (D:2)
  A worm (D:3)
  3 dart slugs
  A leopard gecko (D:1)
  5 orcs (D:3)
  6 giant cockroaches
  5 goblins
  8 hobgoblins
  7 jackals (D:3)
  2 quokkas
  A ball python (D:3)
  5 bats
  8 kobolds
  10 rats
87 creatures vanquished.

Notes
Turn   | Place    | Note
-------+----------+-------------------------------------------
     0 | D:1      | Pikken the Minotaur Berserker began the quest for the Orb.
     0 | D:1      | Reached XP level 1. HP: 19/19 MP: 0/0
   301 | D:1      | Reached XP level 2. HP: 27/27 MP: 1/1
   837 | D:1      | Noticed a howler monkey
   852 | D:1      | Killed a howler monkey
   852 | D:1      | Reached skill level 1 in Short Blades
   852 | D:1      | Reached XP level 3. HP: 29/34 MP: 2/2
   963 | D:1      | Reached XP level 4. HP: 29/41 MP: 3/3
  1895 | D:3      | Reached ** piety under Trog
  1987 | D:3      | Reached XP level 5. HP: 47/47 MP: 4/4
  1995 | D:3      | Reached skill level 1 in Long Blades
  2076 | D:3      | Found a glowing drain.
  2301 | D:3      | Reached XP level 6. HP: 36/55 MP: 5/5
  2446 | D:3      | Reached *** piety under Trog
  2495 | D:3      | Mangled by a gnoll

Skill      XL: |  1  2  3  4  5  6 |
---------------+-------------------+-----
Fighting       | 4 |  4.9
Polearms       | 4 |  4.5
Short Blades   | 1 2 3 |  3.2
Armour         | 3 4 |  4.1
Long Blades    | 2 3 |  3.2
Dodging        | |  2.8
Stealth        | |  0.3

Action                   |  1- 3 |  4- 6 || total
-------------------------+-------+-------++-------
Melee: Spear             |    56 |     6 ||    62
       Headbutt          |     9 |    20 ||    29
       Dagger            |     8 |    66 ||    74
       Falchion          |       |    68 ||    68
  Use: Scroll            |       |     2 ||     2
  Eat: Fruit             |       |     3 ||     3
       Bread ration      |       |     1 ||     1
Armor: Ring mail         |    15 |     2 ||    17
       Scale mail        |       |    38 ||    38
Dodge: Dodged            |    19 |    83 ||   102
       Rpst.: Falchion   |       |    13 ||    13
